 Dungeon Crawl Stone Soup version 0.30-a0-743-gbfdf073431 (webtiles) character file.

Game seed: 12551106641521570449

503 NinjaNoafa the Conjurer (level 7, -2/50 HPs)
             Began as a Meteoran Conjurer on Feb 6, 2023.
             Slain by a lemure (6 damage)
             ... led by Pikel
             ... on level 4 of the Dungeon.
             The game lasted 00:14:05 (2012 turns).

NinjaNoafa the Conjurer (Meteoran Conjurer)         Turns: 2012, Time: 00:14:06

Health: -2/50      AC:  2    Str:  8    XL:     7   Next: 68%
Magic:  2/24       EV: 12    Int: 23    God:
Gold:   83         SH:  0    Dex: 12    Spells: 10/16 levels left

rFire   . . .      SeeInvis .    l - +2 dagger (venom)
rCold   . . .      Faith    .    (no shield)
rNeg    . . .      Spirit   .    a - +0 robe
rPois   .          Reflect  .    (no helmet)
rElec   .          Harm     .    (no cloak)
rCorr   .          Rampage  .    (no gloves)
Will    .....                    (no boots)
Stlth   +                        (no amulet)
HPRegen 0.28/turn                o - ring of magical power
MPRegen 0.19/turn                (no ring)

@: very slightly contaminated, hasted, glowing, very quick
A: sense surroundings 1, otherworldly, glowing, explore regen
a: no special abilities


You were on level 4 of the Dungeon.
You visited 1 branch of the dungeon, and saw 4 of its levels.

You collected 83 gold pieces.

Inventory:

Hand Weapons
 l - a +2 dagger of venom (weapon)
Missiles
 d - 4 boomerangs
 p - 3 silver javelins
Armour
 a - a +0 robe (worn)
Jewellery
 o - a ring of magical power (left hand)
Scrolls
 g - a scroll of teleportation {unknown}
 h - 2 scrolls of identify {unknown}
 j - a scroll of fog {unknown}
 k - a scroll of enchant armour {unknown}
 r - a scroll of magic mapping {unknown}
 s - a scroll of immolation {unknown}
Potions
 b - a potion of magic
 c - a potion of brilliance
 e - a potion of cancellation {unknown}
 f - 3 potions of heal wounds {unknown}
 i - a potion of haste
 m - a potion of flight {unknown}
 n - 2 potions of degeneration {unknown}
 q - a potion of ambrosia {unknown}
 t - a potion of berserk rage {unknown}


   Skills:
 - Level 2.4 Dodging
 - Level 1.4 Stealth
 + Level 5.0 Spellcasting
 + Level 6.5 Conjurations
 + Level 3.1 Hexes
 + Level 5.0 Translocations


You had 10 spell levels left.
You knew the following spells:

 Your Spells              Type           Power      Damage    Failure   Level
a - Magic Dart            Conj           100%       1d8       1%          1
b - Searing Ray           Conj           70%        2d7       1%          2
c - Dazzling Flash        Conj/Hex       56%        N/A       3%          3

Your spell library contained the following spells:

 Spells                   Type           Power      Damage    Failure   Level
 Iskenderun's Mystic Bla  Conj/Tloc      32%        2d8       9%          4
 Fulminant Prism          Conj/Hex       14%        3d8       13%         4


Dungeon Overview and Level Annotations

Branches:
Dungeon (4/15) Zot: 338
 Temple: D:4-7

Altars:
Makhleb

Annotations:
D:4 Pikel


Innate Abilities, Weirdness & Mutations

You passively map a small area around you.
You are easily found by Zot.
You glow in the dark.
You regain HP and MP as you explore.


Message History

Confirm with . or Enter, or press ? or * to list all spells.
Casting: Dazzling Flash (dangerous; 3% risk of failure)
Press: ? - help, Dir - look around, f - activate Look: Pikel, wielding a +2 whip of flaming and wearing a +0 robe (moderately wounded, chance to dazzle: 58%) Pikel waves his whip at you.
Pikel hits you with a +2 whip of flaming!
Pikel burns you.
* * * LOW HITPOINT WARNING * * *
Casting: Dazzling Flash (dangerous; 3% risk of failure)
Confirm with . or Enter, or press ? or * to list all spells.
Casting: Dazzling Flash (dangerous; 3% risk of failure)
Press: ? - help, Dir - look around, f - activate Pikel hits you with a +2 whip of flaming!
* * * LOW HITPOINT WARNING * * *
Pikel burns you.
* * * LOW HITPOINT WARNING * * *
Casting: Dazzling Flash (dangerous; 3% risk of failure)
Confirm with . or Enter, or press ? or * to list all spells.
Casting: Dazzling Flash (dangerous; 3% risk of failure)
Press: ? - help, Dir - look around, f - activate You miscast Dazzling Flash.
You are very lightly contaminated with residual magic.
Nothing appears to happen.
Pikel barely misses you.
Casting: Dazzling Flash (dangerous; 3% risk of failure)
Confirm with . or Enter, or press ? or * to list all spells.
Casting: Dazzling Flash (dangerous; 3% risk of failure)
Press: ? - help, Dir - look around, f - activate The lemure is dazzled.
Pikel closely misses you.
Casting: Dazzling Flash (dangerous; 3% risk of failure)
Confirm with . or Enter, or press ? or * to list all spells.
Casting: Dazzling Flash (dangerous; 3% risk of failure)
Press: ? - help, Dir - look around, f - activate Pikel is dazzled.
The ogre is dazzled.
The lemure is dazzled.
Pikel hits you with a +2 whip of flaming!
* * * LOW HITPOINT WARNING * * *
Pikel burns you.
* * * LOW HITPOINT WARNING * * *
It was a potion of haste.
You feel yourself speed up. Pikel barely misses you.
The lemure closely misses you. The lemure hits you.
You die...

#.......#.# ,
#.......#.#* *
#.......#.. #...>...##.
* #....)..# . #.......#
#. #....)..# *
######.......# * ##### *
* #)........@5O# .#..,
#.########K5.####...##
#.≈≈#######..........##
#.≈##⌠#§###†#.......$.##
#.≈#≈≈§§§##............#
#.≈#≈.§.§##....#<......#
#.§#≈.§.≈⌠#.....†.......
,
#..'.._.≈##.....[..$....
##≈#≈...≈⌠#.....#.......


You could see Pikel (blind), an ogre (blind) and 2 lemures.

Vanquished Creatures
  Sigmund (D:2)
  Edmund (D:4)
  A lemure (D:3)
  A hound (D:3)
  Natasha (D:3)
  An iguana (D:4)
  An orc wizard (D:3)
  2 adders
  An ufetubus (D:3)
  2 worms
  3 dart slugs
  14 orcs (D:3)
  4 ball pythons
  3 bats
  7 endoplasms
  2 giant cockroaches
  5 hobgoblins
  A quokka (D:2)
  4 frilled lizards
  7 goblins
  11 kobolds
  6 rats
79 creatures vanquished.

Notes
Turn   | Place    | Note
-------+----------+-------------------------------------------
     0 | D:1      | NinjaNoafa the Meteoran Conjurer began the quest for the
                  | Orb.
     0 | D:1      | Reached XP level 1. HP: 14/14 MP: 5/5
    46 | D:1      | Reached skill level 5 in Conjurations
    59 | D:1      | Reached XP level 2. HP: 19/20 MP: 2/7
    68 | D:1      | Learned a level 2 spell: Searing Ray
    77 | D:1      | Found a faded altar of an unknown god.
   201 | D:1      | Reached XP level 3. HP: 21/26 MP: 5/8
   393 | D:2      | Reached skill level 1 in Translocations
   394 | D:2      | Reached XP level 4. HP: 30/33 MP: 2/10
   674 | D:2      | Noticed Sigmund
   727 | D:2      | Killed Sigmund
   728 | D:2      | Reached skill level 6 in Conjurations
   728 | D:2      | Reached XP level 5. HP: 29/38 MP: 4/12
   728 | D:2      | Reached XP level 6. HP: 34/45 MP: 4/13
   793 | D:3      | Learned a level 3 spell: Dazzling Flash
   956 | D:3      | Noticed Natasha
   965 | D:3      | Killed Natasha
   981 | D:3      | Reached XP level 7. HP: 33/50 MP: 11/15
  1085 | D:4      | Noticed Edmund
  1085 | D:4      | Noticed Pikel
  1925 | D:4      | Reached skill level 5 in Spellcasting
  1945 | D:4      | Killed Edmund
  1963 | D:4      | Found a burning altar of Makhleb.
  2001 | D:4      | Reached skill level 5 in Translocations
  2012 | D:4      | Slain by a lemure

Illustrated notes

Levels and vault maps discovered:
D:1:      dpeg_arrival_prison, layout_loops_ring, ebering_ecumenical_altar_box,
          minmay_misc_feat_secret_circle, chequers_serial_rivers_small_a,
          minmay_pentomino_z4
D:2:      layout_basic, uniq_sigmund
D:3:      minmay_angry_zag, layout_basic, solitary_fountain,
          chequers_serial_rivers_large_b, nrook_mini_vaults, uniq_natasha
D:4:      layout_rooms, lightli_temple_of_fire, serial_corexii_hall,
          corexii_hall_statues_l, chequers_hall_statues_corner_a, uniq_edmund,
          uniq_crazy_yiuf_cottage, uniq_blork_the_orc, uniq_pikel

Skill      XL: |  1  2  3  4  5  6  7 |
---------------+----------------------+-----
Conjurations   | 5 6 |  6.5
Spellcasting   | 3 4 5 |  5.0
Translocations | 1 2 3 5 |  5.0
Hexes          | 2 3 |  3.1
Dodging        | |  2.4
Stealth        | |  1.4

Action                     |  1- 3 |  4- 6 |  7- 9 || total
---------------------------+-------+-------+-------++-------
  Melee: Unarmed           |     2 |       |       ||     2
         Dagger            |     8 |    15 |     2 ||    25
   Cast: Magic Dart        |    49 |    30 |    21 ||   100
         Searing Ray       |     1 |    12 |     7 ||    20
         Dazzling Flash    |       |     2 |     7 ||     9
    Use: Potion            |       |       |     1 ||     1
 Armour: Robe              |     6 |     9 |     1 ||    16
  Dodge: Dodged            |    18 |    27 |    20 ||    65

Table legend: (Time is in decaauts)
 A = Elapsed time spent in this place.
 B = Non-inter-level travel time spent in this place.
 C = Inter-level travel time spent in this place.
 D = Time resting spent in this place.
 E = Time spent auto-exploring this place.
 F = Levels seen in this place.
 G = Mean time per level.
                   A        B        C        D        E       F      G
               +--------+--------+--------+--------+--------+-----+--------+
         Total |   2060 |   1798 |    262 |      0 |    630 |   4 |  515.0 |
       Dungeon |   2060 |   1798 |    262 |      0 |    630 |   4 |  515.0 |
               +--------+--------+--------+--------+--------+-----+--------+

Top non-repeatable levels by time:
     D:3: 1035 daAuts
     D:2: 530 daAuts
     D:1: 352 daAuts
     D:4: 141 daAuts
